 Dungeon Crawl Stone Soup version 0.26.1-11-gd32895ea62 (webtiles) character file.

Game seed: 1238737374800423047

25 vvl the Ruffian (level 2, 0/23 HPs)
             Began as a Draconian Transmuter on July 7, 2021.
             Slain by a hobgoblin
             ... wielding a +0 club
             ... led by Robin
              (6 damage)
             ... on level 1 of the Dungeon.
             The game lasted 00:01:44 (1244 turns).

vvl the Ruffian (Draconian Transmuter)              Turns: 1244, Time: 00:01:45

Health: 0/23       AC:  4    Str: 12    XL:     2   Next: 86%
Magic:  1/5        EV: 12    Int: 13    God:
Gold:   39         SH:  0    Dex: 11    Spells: 4/5 levels left

rFire    . . .     SeeInvis .     - Unarmed
rCold    . . .     Faith    .   (no shield)
rNeg     . . .     Spirit   .   (armour unavailable)
rPois    .         Reflect  .   (helmet currently unavailable)
rElec    .         Harm     .   (no cloak)
rCorr    .         Rampage  .   (no gloves)
Will     .....                  (boots currently unavailable)
Stlth    +.........             (no amulet)
HPRegen  0.07/turn              (no ring)
MPRegen  0.09/turn              (no ring)

@: appendages
A: unfitting armour, horns 2, talons 2, cold-blooded, AC +4
a: End Transformation


You were on level 1 of the Dungeon.
You had grown temporary horns.
You had grown temporary talons.
You visited 1 branch of the dungeon, and saw 2 of its levels.

You collected 39 gold pieces.

Inventory:

Jewellery
 e - a cursed amulet of inaccuracy {unknown}
Scrolls
 b - a scroll of remove curse {unknown}
 d - a scroll of identify {unknown}
 f - 2 scrolls of amnesia {unknown}
 g - a scroll of teleportation {unknown}
Potions
 a - a potion of haste {unknown}
 c - a potion of berserk rage {unknown}
 h - a potion of degeneration {unknown}


   Skills:
 + Level 1.6 Fighting
 - Level 1.7 Dodging
 * Level 3.4 Unarmed Combat
 + Level 2.2 Spellcasting
 * Level 2.4 Transmutations


You had 4 spell levels left.
You knew the following spells:

 Your Spells              Type           Power        Failure   Level
a - Beastly Appendage     Tmut           14%          9%          1

Your spell library contained the following spells:

 Spells                   Type           Power        Failure   Level
 Wereblood                Tmut           7%           14%         2
 Spider Form              Tmut/Pois      2%           41%         3
 Ice Form                 Ice/Tmut       4%           83%         4
 Blade Hands              Tmut           3%           94%         5


Dungeon Overview and Level Annotations

Branches:
Dungeon (2/15)

Altars:

Annotations:
D:2 Robin


Innate Abilities, Weirdness & Mutations

Your plain brown scales are hard. (AC +4)
You cannot fit into any form of body armour.
You are cold-blooded and may be slowed by cold attacks.
You have a pair of horns on your head.
You have razor-sharp toenails.


Message History

Your horns disappear.
Your talons disappear.
Robin throws the goblin at you!
You hit the goblin.
You kill the goblin!
The hobgoblin closely misses you. The frilled lizard misses you.
Things that are here:
a +0 club; a goblin corpse
There is a stone staircase leading up here.
The hobgoblin hits you with a +0 club.
* * * LOW HITPOINT WARNING * * *
You climb upwards.
There is a stone staircase leading down here.
Casting: Beastly Appendage (safe; 9% risk of failure)
Confirm with . or Enter, or press ? or * to list all spells.
You grow a pair of large bovine horns.
Your feet morph into talons.
The hobgoblin no longer looks unusually strong.
The hobgoblin hits you but does no damage.
You barely miss the hobgoblin. Your headbutt misses the hobgoblin.
The hobgoblin hits you with a +0 club.
You die...

# #..#....######.#.......#.#
# #..#...........#.##.#.##.##
#..#...........#.##.#.....#
###..########....#.##.####..#
............#....#.##.# #..#
###########.#......##.# #..#
............#......##.# #..#
###....######...g.###.# #..#
..####..........@.'...# #..#
.....########.....########..#
#.......## #.......#.......#
####.....## #.#...#.#.......#
...###....###.#...#.#.......#
.....##....##.#...#.#.......#
##....##...##.....#.#.#####.#
.##....#....#.....#.#.# #.#
..##...##...#.........# #.#


You could see a hobgoblin.

Vanquished Creatures
  A dart slug (D:1)
  A leopard gecko (D:1)
  4 bats (D:1)
  A giant cockroach (D:1)
  4 goblins (D:2)
  4 hobgoblins
  A ball python (D:1)
  7 rats
23 creatures vanquished.

Notes
Turn   | Place    | Note
-------+----------+-------------------------------------------
     0 | D:1      | vvl the Draconian Transmuter began the quest for the Orb.
     0 | D:1      | Reached XP level 1. HP: 16/16 MP: 3/3
   339 | D:1      | Reached XP level 2. HP: 19/23 MP: 5/5
  1203 | D:2      | Noticed Robin
  1244 | D:1      | Slain by a hobgoblin

Illustrated notes

Levels and vault maps discovered:
D:1:      dpeg_arrival_circle_labyrinth_c, layout_basic, eino_curves_03
D:2:      layout_loops_ring, minmay_crystal_room, uniq_robin

Action                   || total
-------------------------++-------
Melee: Unarmed           ||    74
       Tailslap          ||     8
       Headbutt          ||     1
       Punch             ||     1
 Cast: Beastly Appendage ||     4
Armor: Skin              ||    23
Dodge: Dodged            ||    40
